 Dungeon Crawl Stone Soup version 0.22.0 (webtiles) character file.

6288 Peloso the Carver (level 10, -2/88 HPs)
             Began as a Minotaur Fighter on Aug 11, 2018.
             Was a Priest of Okawaru.
             Slain by a troll (11 damage)
             ... on level 9 of the Dungeon.
             The game lasted 00:17:09 (6942 turns).

Peloso the Carver (Minotaur Fighter)                Turns: 6942, Time: 00:17:10

Health: -2/88      AC: 10    Str: 34    XL:     10   Next: 63%
Magic:  0/9        EV: 12    Int:  5    God:    Okawaru [***...]
Gold:   521        SH: 13    Dex: 11    Spells: 9/9 levels left

rFire    . . .     SeeInvis +   j - +5 hand axe of Xami {speed, Fragile +Blink Str+8}
rCold    . . .     Gourm    .   c - +0 shield
rNeg     + . .     Faith    .   i - +1 ring mail "Eprarph" {rN+ rCorr Stlth+}
rPois    .         Spirit   +   (helmet restricted)
rElec    .         Reflect  .   t - scarf {Spirit}
rCorr    +         Harm     .   (no gloves)
MR       .....                  q - +1 pair of boots
Stlth    +++.......             (no amulet)
HPRegen  0.24/turn              B - +3 ring of strength
MPRegen  0.11/turn              k - ring of see invisible

@: no status effects
A: retaliatory headbutt, horns 2
a: Heroism, Renounce Religion, Evoke Blink


You were on level 9 of the Dungeon.
You worshipped Okawaru.
Okawaru was most pleased with you.
You were near starving.

You visited 2 branches of the dungeon, and saw 10 of its levels.

You collected 521 gold pieces.

Inventory:

Hand Weapons
 a - a +2 long sword of electrocution
 b - a +1 scimitar of flaming
 j - the +5 hand axe of Xami (weapon) {speed, Fragile +Blink Str+8}
   (You found it on level 9 of the Dungeon)

   Attacks with this weapon are significantly faster.
   It affects your strength (+8).
   It lets you blink.
   It will be destroyed if unequipped.
Armour
 c - a +0 shield (worn)
 i - the +1 ring mail "Eprarph" (worn) {rN+ rCorr Stlth+}
   (You found it on level 4 of the Dungeon)

   It protects you from negative energy.
   It provides partial protection from all sources of acid and corrosion.
   It makes you more stealthy.
 q - a +1 pair of boots (worn)
 r - a +0 cloak
 t - a scarf of spirit shield (worn)
Jewellery
 k - a ring of see invisible (right hand)
 B - a +3 ring of strength (left hand)
Wands
 w - a wand of polymorph (10)
 z - a wand of iceblast (3)
Scrolls
 g - 13 scrolls of identify
 h - a scroll of remove curse
 l - 4 scrolls of teleportation
 n - a scroll of amnesia
 o - a scroll of enchant weapon
Potions
 d - a potion of might
 e - 3 potions of agility
 m - 4 potions of curing {unknown}
 p - a potion of cancellation {unknown}
 s - 2 potions of resistance {unknown}
 u - a potion of invisibility {unknown}
 v - a potion of flight {unknown}
 x - a potion of degeneration {unknown}
 C - a potion of haste
Comestibles
 f - 16 rations


   Skills:
 + Level 8.1 Fighting
 + Level 11.5 Long Blades
 + Level 8.7 Armour
 + Level 5.6 Dodging
 + Level 3.3 Stealth
 + Level 9.1 Shields
 + Level 0.1 Invocations


You had 9 spell levels left.
You didn't know any spells.
Your spell library contained the following spells:

 Spells                   Type           Power        Failure   Level  Hunger
 Lightning Bolt           Conj/Air       #.........   100%        5    ######.
 Mephitic Cloud           Conj/Pois/Air  #.......     99%         3    ####...
 Venom Bolt               Conj/Pois      #.........   100%        5    ######.
 Olgreb's Toxic Radiance  Pois           #.......     100%        4    #####..
 Summon Horrible Things   Summ           #.........   100%        8    #######
 Sting                    Conj/Pois      #...         83%         1    ##.....
 Summon Greater Demon     Summ           #.........   100%        7    #######
 Shock                    Conj/Air       #...         83%         1    ##.....
 Swiftness                Chrm/Air       #.......     92%         2    ###....
 Airstrike                Air            #.........   100%        4    #####..
 Static Discharge         Conj/Air       #.......     99%         3    ####...
 Monstrous Menagerie      Summ           #.........   100%        7    #######
 Malign Gateway           Summ/Tloc      #.........   100%        7    #######
 Poisonous Vapours        Pois/Air       #.....       92%         2    ###....


Dungeon Overview and Level Annotations

Branches:
Dungeon (9/15)             Temple (1/1) D:7
   Lair: D:8-11         Orc: D:9-12

Altars:
Ashenzari
Cheibriados
Dithmenos
Elyvilon
Fedhas
Gozag
Hepliaklqana
Kikubaaqudgha
Makhleb
Nemelex Xobeh
Okawaru
Qazlal
Ru
Sif Muna
Trog
Uskayaw
Vehumet
Wu Jian
Xom
Yredelemnul
Zin
The Shining One


Innate Abilities, Weirdness & Mutations

You reflexively headbutt those who attack you in melee.
You have a pair of horns on your head.


Message History

The troll bites you! You block the troll's attack. The troll claws you!
You closely miss the troll.
The troll is lightly wounded.
You block the troll's attack. The troll barely misses you.
The troll claws you but does no damage.
You hit the troll. Your headbutt misses the troll.
The troll is lightly wounded.
You block the troll's attack. x2; The troll claws you!
* * * LOW HITPOINT WARNING * * *
You slash the troll! Your headbutt misses the troll.
The troll is heavily wounded.
The troll bites you!
* * * LOW HITPOINT WARNING * * *
The troll claws you but does no damage. You block the troll's attack.
You hit the troll.
The troll is severely wounded.
The troll bites you.
* * * LOW HITPOINT WARNING * * *
You block the troll's attack. The troll claws you!
You die...

#.. ##.####### ...
#......... #..
#.....)... #..
#.....≈≈.. #..
#.....≈... #..
#......... #..
#.T....... #.. #@#
#.# #..
#.#########.# #..
#........##.# #..
#..#####.##.# ###
#..# #.##.# #..#
#.##.# #..# #.##.#
#..#####.##.#
#...........######


You could see a troll.

Vanquished Creatures
  Harold (D:8)
  Erica (D:7)
  3 hippogriffs
  6 yaks (D:8)
  A hungry ghost (D:7)
  A phantom (D:4)
  4 orc warriors
  4 sky beasts
  An eye of draining (D:3)
  2 ice beasts
  A black bear (D:8)
  An ogre (D:7)
  5 centaurs
  2 bullfrogs
  A scorpion (D:4)
  2 water moccasin skeletons
  3 wights (D:8)
  2 howler monkeys
  3 crimson imps
  2 centaur zombies
  4 hounds
  A jelly (D:8)
  8 orc wizards
  A centaur skeleton (D:6)
  A gnoll shaman (D:8)
  6 orc priests
  6 worker ants
  3 iguanas
  A killer bee zombie (D:8)
  A hound zombie (D:8)
  5 gnolls (D:8)
  8 adders
  An ooze (D:6)
  An adder skeleton (D:5)
  A worm (D:5)
  3 dart slugs
  7 leopard geckos
  29 orcs
  A ball python (D:5)
  6 giant cockroaches
  3 goblins
  6 hobgoblins
  10 jackals
  2 quokkas
  7 bats
  6 frilled lizards
  4 kobolds
  A leopard gecko skeleton (D:4)
  5 rats
184 creatures vanquished.

Vanquished Creatures (others)
  An adder (D:8)
  A rat (D:1)
2 creatures vanquished.

Grand Total: 186 creatures vanquished

Notes
Turn   | Place    | Note
-------+----------+-------------------------------------------
     0 | D:1      | Peloso the Minotaur Fighter began the quest for the Orb.
     0 | D:1      | Reached XP level 1. HP: 19/19 MP: 0/0
    37 | D:1      | Reached XP level 2. HP: 19/27 MP: 1/1
   326 | D:1      | Reached XP level 3. HP: 32/33 MP: 2/2
   732 | D:2      | Found a glowing silver altar of Zin.
  1253 | D:3      | Reached skill level 3 in Long Blades
  1298 | D:3      | Noticed a bullfrog
  1298 | D:3      | Noticed an eye of draining
  1318 | D:3      | Killed a bullfrog
  1318 | D:3      | Reached XP level 4. HP: 29/41 MP: 1/3
  1323 | D:3      | Killed an eye of draining
  1323 | D:3      | Reached skill level 4 in Long Blades
  1323 | D:3      | Reached skill level 5 in Armour
  1323 | D:3      | Reached skill level 1 in Dodging
  1323 | D:3      | Reached XP level 5. HP: 33/47 MP: 1/4
  2017 | D:4      | Reached XP level 6. HP: 53/53 MP: 5/5
  2035 | D:4      | Found a shadowy altar of Dithmenos.
  2056 | D:4      | Reached skill level 5 in Long Blades
  2271 | D:4      | Got a jewelled ring mail
  2277 | D:4      | Identified the +1 ring mail "Eprarph" {rN+ rCorr Stlth+} (You found it on level 4 of the Dungeon)
  2507 | D:4      | Found a hazy altar of Hepliaklqana.
  2522 | D:4      | Reached XP level 7. HP: 50/60 MP: 6/6
  2641 | D:5      | Entered Level 5 of the Dungeon
  2650 | D:5      | Reached skill level 5 in Shields
  2758 | D:5      | Found an ancient bone altar of Kikubaaqudgha.
  2802 | D:5      | Reached skill level 5 in Fighting
  2802 | D:5      | Reached skill level 6 in Long Blades
  2829 | D:5      | Reached skill level 1 in Stealth
  3032 | D:5      | Reached skill level 7 in Long Blades
  3032 | D:5      | Reached XP level 8. HP: 68/68 MP: 7/7
  3247 | D:6      | Found a blossoming altar of Fedhas.
  3360 | D:6      | Noticed a hippogriff
  3371 | D:6      | Killed a hippogriff
  3371 | D:6      | Reached skill level 8 in Long Blades
  3574 | D:6      | Found a deep blue altar of Sif Muna.
  3886 | D:7      | Reached XP level 9. HP: 63/75 MP: 8/8
  3953 | D:7      | Found a sparkling altar of Nemelex Xobeh.
  4039 | D:7      | Reached skill level 9 in Long Blades
  4069 | D:7      | Found a staircase to the Ecumenical Temple.
  4103 | Temple   | Entered the Ecumenical Temple
  4283 | Temple   | Became a worshipper of Warmaster Okawaru
  4976 | D:8      | Reached * piety under Okawaru
  4982 | D:8      | Reached skill level 10 in Long Blades
  5031 | D:8      | Reached XP level 10. HP: 57/86 MP: 9/9
  5362 | D:8      | Noticed Erica
  5392 | D:8      | HP: 4/86 [Erica/bolt of poison (33)]
  5719 | D:7      | Killed Erica
  5719 | D:7      | Reached ** piety under Okawaru
  5719 | D:7      | Reached skill level 5 in Dodging
  5851 | D:8      | Identified a scroll of acquirement
  5994 | D:8      | Noticed Harold
  6016 | D:8      | Reached skill level 11 in Long Blades
  6031 | D:8      | Killed Harold
  6031 | D:8      | Reached *** piety under Okawaru
  6499 | D:9      | Found an iron altar of Okawaru.
  6504 | D:9      | Got a crude hand axe
  6505 | D:9      | Identified the +5 hand axe of Xami {speed, Fragile +Blink Str+8} (You found it on level 9 of the Dungeon)
  6942 | D:9      | Slain by a troll

Skill      XL: |  1  2  3  4  5  6  7  8  9 10 |
---------------+-------------------------------+-----
Fighting       | 4 5 6 7 8 |  8.1
Armour         | 4 5 6 7 8 |  8.7
Shields        | 4 5 6 8 9 |  9.1
Long Blades    | 3 4 5 7 8 10 11 | 11.5
Dodging        | 1 2 3 4 5 |  5.6
Stealth        | 1 2 3 |  3.3
Invocations    | |  0.1

Action                   |  1- 3 |  4- 6 |  7- 9 | 10-12 || total
-------------------------+-------+-------+-------+-------++-------
Melee: Long sword        |    83 |    63 |   221 |    78 ||   445
       Headbutt          |    13 |    11 |    54 |    24 ||   102
       Hand axe          |       |       |       |    15 ||    15
Invok: Heroism           |       |       |       |     1 ||     1
  Use: Potion            |     2 |       |       |     2 ||     4
       Scroll            |       |       |     2 |     9 ||    11
 Stab: Sleeping          |       |       |     6 |       ||     6
  Eat: Chunk             |     1 |     4 |     7 |     4 ||    16
       Ration            |       |       |     1 |       ||     1
Armor: Scale mail        |    46 |    19 |       |       ||    65
       Ring mail         |       |     2 |    61 |    42 ||   105
Dodge: Dodged            |    33 |    22 |    72 |    55 ||   182
Block: Shield            |    46 |    30 |   112 |    67 ||   255
       Rpst.: Long sword |     8 |     5 |    15 |    14 ||    42
